[Event "Late-Titled-Tuesday-Blitz-June-25-2024"]
[Site "Chess.com"]
[Date "2024.06.25"]
[Round "4"]
[White "prxcess_brownie"]
[Black "RaugintaBulba"]
[Result "0-1"]
[WhiteElo "2217"]
[BlackElo "2452"]
[TimeControl "180+1"]
[EndTime "14:32:38 PDT"]
[Termination "RaugintaBulba won by resignation"]

1. c4 Nf6 2. Nc3 e5 3. Nf3 e4 4. Ng5 c6 5. Ngxe4 Nxe4 6. Nxe4 d5 7. cxd5 cxd5 8. Ng3 Bd6 9. d4 h5 10. e3 h4 11. Ne2 Nc6 12. Nc3 Qg5 13. Qf3 Nb4 14. Kd2 Bg4 15. Bb5+ Kf8 16. Qf4 Bxf4 17. exf4 Qxf4+ 0-1

[Event "Late-Titled-Tuesday-Blitz-June-25-2024"]
[Site "Chess.com"]
[Date "2024.06.25"]
[Round "4"]
[White "Aswathchess"]
[Black "HalfIsCrayfish"]
[Result "1-0"]
[WhiteElo "2775"]
[BlackElo "2563"]
[TimeControl "180+1"]
[EndTime "14:32:42 PDT"]
[Termination "Aswathchess won by resignation"]

1. a3 g6 2. g3 Bg7 3. Bg2 d5 4.
Nf3 Nf6 5. O-O O-O 6. d4 b6 7.
c4 Bb7 8. cxd5 Nxd5 9. e4 Nf6 10. e5 Nd5 11. h4 Nd7 12. h5 c5 13. h6 Bh8 14. e6 fxe6 15. Ng5 cxd4 16. Nxe6 Qb8 17.
Nxf8 Nxf8 18. Re1 e5 19. Nc3 Nxc3 20. Qb3+ 1-0

[Event "Late-Titled-Tuesday-Blitz-June-25-2024"]
[Site "Chess.com"]
[Date "2024.06.25"]
[Round "4"]
[White "smallbaba"]
[Black "XDPS"]
[Result "0-1"]
[WhiteElo "2598"]
[BlackElo "2825"]
[TimeControl "180+1"]
[EndTime "14:33:29 PDT"]
[Termination "XDPS won by resignation"]

1. e4 c5 2. Nc3 e6 3. d4 cxd4 4. Qxd4 Nc6 5. Qd3 a6 6. Qg3 b5 7.
Bg5 Qa5 8. Nf3 Nf6 9. Bd3 b4 10. Nb1 b3+ 11. Nbd2 bxc2 12. O-O Nb4 13. Nd4 Nxd3 14.
Qxd3 Qxg5 15. Nxc2 Be7 16. Nf3 Qa5 17. Ne3 Qb5 18. Qd2 Nxe4 19. Qd4 Nf6 20. a4 Qb4 21.
Qe5 O-O 22. h4 Bb7 23. Ng5 h6 24. Rac1 Qxh4 25. f4 hxg5 26. fxg5 Ng4 0-1

[Event "Late-Titled-Tuesday-Blitz-June-25-2024"]
[Site "Chess.com"]
[Date "2024.06.25"]
[Round "4"]
[White "Dexter_Dyke"]
[Black "Supergiuly"]
[Result "1-0"]
[WhiteElo "2516"]
[BlackElo "2363"]
[TimeControl "180+1"]
[EndTime "14:33:32 PDT"]
[Termination "Dexter_Dyke won by resignation"]

1. e4 g6 2. d4 Bg7 3. Nc3 e6 4. h4 h5 5. Bg5 Bf6 6. Nf3 Bxg5 7. Nxg5 f6 8. Nf3 Nh6 9. Bd3 O-O 10. Qd2 Kg7 11. O-O-O d5 12. Rde1 c6 13. e5 f5 14.
Ng5 c5 15. dxc5 Nc6 16. Nb5 b6 17. Qc3 Ba6 18. Qa3 Bxb5 19. Nxe6+ Kg8 20. Nxd8 Bxd3 21. Nxc6 1-0

[Event "Late-Titled-Tuesday-Blitz-June-25-2024"]
[Site "Chess.com"]
[Date "2024.06.25"]
[Round "4"]
[White "Dr_troll"]
[Black "igorkovalenko"]
[Result "0-1"]
[WhiteElo "2684"]
[BlackElo "3000"]
[TimeControl "180+1"]
[EndTime "14:33:36 PDT"]
[Termination "igorkovalenko won by resignation"]

1. Nf3 d5 2. c4 c6 3. e3 Nf6 4. Nc3 Nbd7 5. Qc2 a6 6. b3 e5 7. Bb2 Bd6 8. Be2 O-O 9. O-O Re8 10. cxd5 cxd5 11. Ng5 Nf8 12. e4 d4 13. Nd1 Ng6 14. Bc4 Rf8 15. f4 Nxf4 16. g3 Nh3+ 17. Nxh3 Bxh3 18. Rf2 b5 19. Bd5 Rc8 20. Qd3 Nxd5 21. exd5 f5 22. a4 Qb6 23. axb5 axb5 24. Ba3 0-1

[Event "Late-Titled-Tuesday-Blitz-June-25-2024"]
[Site "Chess.com"]
[Date "2024.06.25"]
[Round "4"]
[White "AthanasiusLefebvre"]
[Black "scrambleyourbrain"]
[Result "0-1"]
[WhiteElo "2060"]
[BlackElo "2386"]
[TimeControl "180+1"]
[EndTime "14:33:36 PDT"]
[Termination "scrambleyourbrain won by resignation"]

1. d3 Nf6 2. Nf3 d5 3. g3 g6 4.
Bg2 Bg7 5. O-O O-O 6. c4 c6 7.
Nc3 Bg4 8. h3 Bxf3 9. Bxf3 d4 10. Na4 Nbd7 11. Rb1 Rc8 12. b4 Ne5 13. Bg2 b5 14. cxb5 cxb5 15. Nc5 Qb6 16. a4 a5 17.
axb5 axb4 18. Na4 Qxb5 19. Bd2 Nc6 20. Bxc6 Qxc6 21. Rxb4 Nd5 22. Rc4 Qe6 23. Nb2 Nc3 24. Bxc3 dxc3 25. Rxc8 Rxc8 26. Nc4 Qxh3 27. Qc2 Rc5 0-1

[Event "Late-Titled-Tuesday-Blitz-June-25-2024"]
[Site "Chess.com"]
[Date "2024.06.25"]
[Round "4"]
[White "HeroWilczek"]
[Black "Sacbutt"]
[Result "1-0"]
[WhiteElo "2466"]
[BlackElo "2242"]
[TimeControl "180+1"]
[EndTime "14:33:45 PDT"]
[Termination "HeroWilczek won by resignation"]

1. e4 e5 2. Nf3 Nc6 3. Bc4 Bc5 4. c3 Nf6 5. d4 exd4 6. e5 d5 7. Bb5 Ne4 8. cxd4 Bb4+ 9. Bd2 Nxd2 10. Nbxd2 O-O 11.
O-O Bf5 12. a3 Bxd2 13. Nxd2 Ne7 14. Qf3 Bg6 15. Rac1 Nf5 16. Nb3 c6 17. Bd3 Qg5 18. Bxf5 Bxf5 19. Qg3 Qxg3 20. hxg3 Rac8 21. Rc3 f6 22. exf6 Rxf6 23. Re1 Re6 24. Rxe6 Bxe6 25. Nc5 Kf7 26. Nxb7 Rb8 27. Nc5 Rxb2 28. Rf3+ 1-0

[Event "Late-Titled-Tuesday-Blitz-June-25-2024"]
[Site "Chess.com"]
[Date "2024.06.25"]
[Round "4"]
[White "FredddieCroderg"]
[Black "shirovin"]
[Result "1-0"]
[WhiteElo "2341"]
[BlackElo "2109"]
[TimeControl "180+1"]
[EndTime "14:33:57 PDT"]
[Termination "FredddieCroderg won by resignation"]

1. e4 Nf6 2. e5 Nd5 3. Nc3 Nxc3 4.
dxc3 d6 5. Bc4 Bf5 6. Qf3 e6 7. Qxb7 Nd7 8. Bb5 Rb8 9. Bxd7+ Kxd7 10. Qxa7 dxe5 11. Nf3 Bd6 12. Be3 Rxb2 13. O-O Rxc2 14. Rfd1 f6 15. Nh4 Bg6 16. Nxg6 hxg6 17. Qa4+ Ke7 18.
Qxc2 f5 19. Bg5+ 1-0

[Event "Late-Titled-Tuesday-Blitz-June-25-2024"]
[Site "Chess.com"]
[Date "2024.06.25"]
[Round "4"]
[White "Arystanner"]
[Black "ValeriyGrinev"]
[Result "1-0"]
[WhiteElo "2812"]
[BlackElo "2587"]
[TimeControl "180+1"]
[EndTime "14:34:09 PDT"]
[Termination "Arystanner won by checkmate"]

1. e4 c6 2. Nf3 d5 3. exd5 cxd5 4. d4 Nf6 5. c3 Bg4 6. h3 Bh5 7. Qb3 Qc8 8. Ne5 Nbd7 9. Bf4 e6 10. Nd2 Nxe5 11.
dxe5 Nd7 12. c4 dxc4 13. Nxc4 Be7 14. Rc1 Nc5 15. Qb5+ Qc6 16. Nd6+ Bxd6 17. exd6 Qxb5 18. Bxb5+ Nd7 19. Rc7 Rd8 20. Rxb7 a6 21. Bc6 Bg6 22. Kd2 f6 23. Rc1 e5 24. Bxd7+ Rxd7 25. Rc8+ Rd8 26. Re7+ Kf8 27. Rxd8+ Be8 28. Rdxe8# 1-0

[Event "Late-Titled-Tuesday-Blitz-June-25-2024"]
[Site "Chess.com"]
[Date "2024.06.25"]
[Round "4"]
[White "Boundless_Strike"]
[Black "harshu27"]
[Result "1-0"]
[WhiteElo "2725"]
[BlackElo "2543"]
[TimeControl "180+1"]
[EndTime "14:34:13 PDT"]
[Termination "Boundless_Strike won by resignation"]

1. d4 Nf6 2. Nc3 d5 3. e4 dxe4 4. f3 Bf5 5. fxe4 Nxe4 6. Qf3 Nxc3 7. bxc3 Bc8 8. Bc4 e6 9. Nh3 Nd7 10. O-O Nf6 11. Bg5 Be7 12. Nf4 c6 13. Nh5 b5 14.
Nxg7+ Kd7 15. Bxe6+ fxe6 16. Nxe6 Kxe6 17. Qxc6+ Kf7 18.
Qxa8 Be6 19. Qxa7 Qa8 20. Rxf6+ Kg7 21. Qxe7+ 1-0

[Event "Late-Titled-Tuesday-Blitz-June-25-2024"]
[Site "Chess.com"]
[Date "2024.06.25"]
[Round "4"]
[White "DanylaBagrov"]
[Black "JSPrepz"]
[Result "0-1"]
[WhiteElo "2589"]
[BlackElo "2819"]
[TimeControl "180+1"]
[EndTime "14:34:17 PDT"]
[Termination "JSPrepz won by resignation"]

1. e4 e5 2. Nf3 Nc6 3. d3 Nf6 4. Be2 d5 5. Nbd2 Rg8 6. c3 g5 7. h3 h5 8. exd5 Nxd5 9. Ne4 g4 10. hxg4 hxg4 11. Nh4 f5 12. Ng3 Qf6 13. Qb3 Nce7 14. Ne4 fxe4 15. dxe4 Nb6 16. Be3 Be6 17. Qc2 O-O-O 18.
g3 Rh8 19. a4 Nc4 20. Bxa7 Nc6 21. Bxc4 Bxc4 22. Be3 Nb4 0-1

[Event "Late-Titled-Tuesday-Blitz-June-25-2024"]
[Site "Chess.com"]
[Date "2024.06.25"]
[Round "4"]
[White "TokChess"]
[Black "jk13"]
[Result "0-1"]
[WhiteElo "2513"]
[BlackElo "2698"]
[TimeControl "180+1"]
[EndTime "14:34:20 PDT"]
[Termination "jk13 won by resignation"]

1. e4 e5 2. Nf3 Nc6 3. Bc4 Bc5 4.
d3 Nf6 5. h3 O-O 6. O-O h6 7.
c3 d6 8. Bb3 a6 9. Nbd2 Ba7 10.
Re1 Ne7 11. Nf1 Ng6 12. Be3 Re8 13. Qd2 Bxe3 14. fxe3 d5 15. exd5 Nxd5 16. Ng3 Be6 17. Rf1 c5 18. d4 exd4 19. exd4 Qc7 20. Qf2 Ndf4 21. Rad1 Bxh3 22. gxh3 Nxh3+ 0-1

[Event "Late-Titled-Tuesday-Blitz-June-25-2024"]
[Site "Chess.com"]
[Date "2024.06.25"]
[Round "4"]
[White "N_I_Chess"]
[Black "corvachesky"]
[Result "1-0"]
[WhiteElo "2271"]
[BlackElo "2473"]
[TimeControl "180+1"]
[EndTime "14:34:24 PDT"]
[Termination "N_I_Chess won by checkmate"]

1. d4 d5 2. c4 e6 3. Nc3 Nf6 4. cxd5 exd5 5. Bg5 Be7 6. Qc2 c6 7. e3 Nbd7 8. Bd3 h6 9. Bh4 Nh5 10. Bxe7 Qxe7 11. Nge2 Nb6 12. O-O O-O 13. Rae1 Bd7 14. Kh1 f5 15. Ng1 Rae8 16. f4 Qh4 17. Nf3 Qe7 18. Ne5 Rf6 19. Qe2 g6 20. Nxg6 Rxg6 21. Qxh5 Qf7 22. Nb1 Nc8 23. Nd2 Nd6 24. Nf3 Qg7 25.
Ne5 Rf6 26. Rf3 Kh8 27. Rg3 Qe7 28. Ng6+ Rxg6 29. Rxg6 Kh7 30. Qxh6# 1-0

[Event "Late-Titled-Tuesday-Blitz-June-25-2024"]
[Site "Chess.com"]
[Date "2024.06.25"]
[Round "4"]
[White "lamomiajunior"]
[Black "Ykow"]
[Result "1-0"]
[WhiteElo "2754"]
[BlackElo "2554"]
[TimeControl "180+1"]
[EndTime "14:34:30 PDT"]
[Termination "lamomiajunior won by resignation"]

1. e4 c5 2. Nf3 d6 3. c3 Nf6 4. h3 Bd7 5. Bd3 Bc6 6. Qe2 Nbd7 7.
Bc2 e5 8. O-O Be7 9. d4 cxd4 10.
cxd4 b6 11. Nc3 O-O 12. Rd1 Qc7 13. Be3 Rac8 14. Rac1 Qb8 15. d5 Bb7 16. Nd2 a6 17. a4 a5 18. Nc4 Ba6 19. Nb5 Nc5 20. Nd2 Nfd7 21. b3 g6 22. Bh6 Rfe8 23. Nf3 Bf8 24. Be3 Bg7 25. h4 Nf6 26. Nd2 Nh5 27. g3 Re7 28.
Nc4 Bxb5 29. axb5 Rec7 30. Nxd6 Rd8 31. Nc4 Nf6 32. Nxe5 Nfxe4 33. Nc6 Nc3 34. Qf3 Qc8 35. Nxd8 Nxd1 36. Bxc5 bxc5 37. Nc6 Nc3 38. d6 1-0

[Event "Late-Titled-Tuesday-Blitz-June-25-2024"]
[Site "Chess.com"]
[Date "2024.06.25"]
[Round "4"]
[White "Viktor_Poddubnyi"]
[Black "UB_TheQueen"]
[Result "1-0"]
[WhiteElo "2332"]
[BlackElo "2033"]
[TimeControl "180+1"]
[EndTime "14:34:33 PDT"]
[Termination "Viktor_Poddubnyi won by resignation"]

1. e4 c5 2. Nf3 d6 3. d4 cxd4 4.
Nxd4 Nf6 5. Nc3 g6 6. Be3 Bg7 7.
f3 O-O 8. Qd2 Nc6 9. O-O-O d5 10. Qe1 e5 11. Nxc6 bxc6 12. exd5 cxd5 13. Bg5 Be6 14.
Bc4 Qc7 15. Bxf6 Bxf6 16. Bxd5 Rab8 17. Bxe6 fxe6 18. Ne4 Rfc8 19. Nxf6+ Kf7 20. Rd7+ Kxf6 21. Rxc7 Rxc7 22. Qe2 a5 23. Rd1 a4 24. a3 Rc5 25.
Qe4 Rcb5 26. Re1 Rxb2 27. Qxe5+ Kf7 28. Qxe6+ Kg7 29. Qe5+ Kh6 30. Qxb2 1-0

[Event "Late-Titled-Tuesday-Blitz-June-25-2024"]
[Site "Chess.com"]
[Date "2024.06.25"]
[Round "4"]
[White "Bugcrusher"]
[Black "JanistanTV"]
[Result "1-0"]
[WhiteElo "2479"]
[BlackElo "2662"]
[TimeControl "180+1"]
[EndTime "14:34:42 PDT"]
[Termination "Bugcrusher won by resignation"]

1. d4 d5 2. c4 c5 3. cxd5 Qxd5 4. Nf3 cxd4 5. Nc3 Qa5 6. Nxd4 Nf6 7. g3 e5 8. Nb3 Qc7 9. Bg2 Bb4 10. Bd2 O-O 11. O-O Nc6 12. a3 Bxc3 13. Bxc3 Rd8 14. Qc1 Bg4 15.
Qe3 Nd5 16. Bxd5 Rxd5 17. f3 Bh3 18. Rfd1 Rad8 19. Rd2 Rxd2 20. Nxd2 h5 21. Ne4 f6 22.
Nf2 Be6 23. Rd1 Rxd1+ 24. Nxd1 b6 25. Qd2 Ne7 26. Ne3 Kf7 27. Kf2 a5 28. Qd3 Kg8 29. Qb5 Nc8 30. Qe8+ Kh7 31. Qxh5+ Kg8 32. Qe8+ Kh7 33. Qxe6 1-0

[Event "Late-Titled-Tuesday-Blitz-June-25-2024"]
[Site "Chess.com"]
[Date "2024.06.25"]
[Round "4"]
[White "Gangster-accountant01"]
[Black "Bryanl106"]
[Result "1-0"]
[WhiteElo "2569"]
[BlackElo "2733"]
[TimeControl "180+1"]
[EndTime "14:34:46 PDT"]
[Termination "Gangster-accountant01 won by resignation"]

1. c4 Nf6 2. Nc3 g6 3. e4 d6 4. g3 c5 5. Bg2 Bg7 6. Nge2 O-O 7. O-O Nc6 8. d3 Bd7 9. h3 a6 10. Be3 Rb8 11. a4 e5 12. f4 Nd4 13. fxe5 dxe5 14.
Nd5 Nxd5 15. cxd5 b5 16. axb5 axb5 17. Rc1 Qb6 18. Nxd4 cxd4 19. Bg5 f6 20. Bd2 Rfc8 21. Qb3 h5 22. d6+ Kh7 23. Bb4 Rxc1 24. Rxc1 Rc8 25. Rxc8 Bxc8 26. Qf7 Qb7 27. Qxb7 1-0

[Event "Late-Titled-Tuesday-Blitz-June-25-2024"]
[Site "Chess.com"]
[Date "2024.06.25"]
[Round "4"]
[White "szachmistrz2500"]
[Black "hoshiboshi"]
[Result "1-0"]
[WhiteElo "2461"]
[BlackElo "2232"]
[TimeControl "180+1"]
[EndTime "14:34:47 PDT"]
[Termination "szachmistrz2500 won by resignation"]

1. e4 c5 2. Nf3 d6 3. d4 cxd4 4.
Nxd4 Nf6 5. Nc3 a6 6. Bg5 e6 7. f4 Be7 8. Qf3 Qc7 9. O-O-O Nbd7 10.
g4 h6 11. Bxf6 Bxf6 12. h4 Nb6 13. g5 Bxd4 14. Rxd4 Qc5 15. Rd1 Bd7 16. Be2 O-O-O 17.
Qd3 Bc6 18. g6 f5 19. Rhe1 Rhf8 20. exf5 exf5 21. Bf3 Nc4 22. Bxc6 bxc6 23. Na4 Qb5 24. Qxc4 1-0

[Event "Late-Titled-Tuesday-Blitz-June-25-2024"]
[Site "Chess.com"]
[Date "2024.06.25"]
[Round "4"]
[White "Oleksandr_Bortnyk"]
[Black "carokannlover213"]
[Result "1-0"]
[WhiteElo "3063"]
[BlackElo "2668"]
[TimeControl "180+1"]
[EndTime "14:34:50 PDT"]
[Termination "Oleksandr_Bortnyk won by resignation"]

1. d4 e6 2. Nc3 Nf6 3. Bf4 Bb4 4.
e3 Nd5 5. Ne2 c5 6. a3 Nxf4 7.
Nxf4 Ba5 8. dxc5 Bxc3+ 9. bxc3 Qa5 10. Qd4 f6 11. Qb4 Qc7 12. Bb5 O-O 13. O-O Na6 14.
Bxa6 bxa6 15. Rab1 a5 16. Qb5 Qc6 17. Rfd1 Qxb5 18.
Rxb5 Ba6 19. Rxa5 Bb7 20. Rxd7 Rad8 21. Rd6 Rxd6 22. cxd6 Rd8 23. Nxe6 Rxd6 24. Nd4 a6 25. Rc5 Rb6 26. f3 Rb1+ 27. Kf2 Ra1 28. c4 g5 29.
Rc7 Rb1 30. Nb3 Rb2 31. Rxb7 Rxc2+ 32. Kg3 Rxc4 33. Rb6 Rc8 34. Rxa6 Rf8 35. Nd4 Kg7 36. Ne6+ Kg6 37. Nxf8+ Kf5 38. Re6 1-0

[Event "Late-Titled-Tuesday-Blitz-June-25-2024"]
[Site "Chess.com"]
[Date "2024.06.25"]
[Round "4"]
[White "gabduschew"]
[Black "GrotBchess"]
[Result "0-1"]
[WhiteElo "2395"]
[BlackElo "2605"]
[TimeControl "180+1"]
[EndTime "14:34:52 PDT"]
[Termination "GrotBchess won by resignation"]

1. e4 c5 2. Nf3 e6 3. d4 cxd4 4. Nxd4 Nc6 5. Nxc6 bxc6 6. c4 Nf6 7. Bd3 d5 8. cxd5 cxd5 9. e5 Nd7 10. Bf4 Bb4+ 11. Nd2 Qh4 12. g3 Qh3 13. Qa4 a5 14. a3 Bc5 15.
Rc1 O-O 16. Bf1 Qf5 17. Bg2 Nxe5 18. Bxe5 Bxf2+ 19. Ke2 Ba6+ 20. Kd1 Qxe5 0-1

[Event "Late-Titled-Tuesday-Blitz-June-25-2024"]
[Site "Chess.com"]
[Date "2024.06.25"]
[Round "4"]
[White "Chessmissile07"]
[Black "SaqoChess_Twitch"]
[Result "1-0"]
[WhiteElo "2834"]
[BlackElo "2599"]
[TimeControl "180+1"]
[EndTime "14:34:54 PDT"]
[Termination "Chessmissile07 won by checkmate"]

1. a3 d5 2. Nf3 Nf6 3. e3 e6 4. c4 c5 5. cxd5 Nxd5 6. d4 Nc6 7. Nc3 cxd4 8. exd4 Nxc3 9. bxc3 Be7 10. Bd3 Bf6 11.
O-O O-O 12. Re1 b6 13. Qc2 g6 14. Bh6 Bg7 15. Qd2 Bb7 16. h4 Qd5 17. Be4 Qd6 18. h5 Na5 19. Bxg7 Kxg7 20. Ne5 Bxe4 21. Rxe4 Nc6 22.
Ng4 Qe7 23. d5 Nd8 24. Qh6+ Kg8 25. d6 Qh4 26. g3 f5 27. gxh4 fxe4 28. hxg6 hxg6 29.
Qxg6+ Kh8 30. Qh6+ Kg8 31. Kh1 Nf7 32. Nf6# 1-0

[Event "Late-Titled-Tuesday-Blitz-June-25-2024"]
[Site "Chess.com"]
[Date "2024.06.25"]
[Round "4"]
[White "Msb2"]
[Black "rockstar0902"]
[Result "1-0"]
[WhiteElo "3070"]
[BlackElo "2611"]
[TimeControl "180+1"]
[EndTime "14:34:55 PDT"]
[Termination "Msb2 won by resignation"]

1. d4 d5 2. c4 e6 3. Nc3 c5 4.
cxd5 exd5 5. Nf3 Nc6 6. dxc5 d4 7. Na4 Bxc5 8. Nxc5 Qa5+ 9. Bd2 Qxc5 10. b4 Nxb4 11. Rc1 Qd6 12. e3 Ne7 13. Nxd4 O-O 14. Bc4 a6 15.
O-O b5 16. Bxb5 Nxa2 17. Bc6 Rb8 18. Rc2 Nb4 19. Bxb4 Rxb4 20. Bf3 Bb7 21. Nc6 1-0

[Event "Late-Titled-Tuesday-Blitz-June-25-2024"]
[Site "Chess.com"]
[Date "2024.06.25"]
[Round "4"]
[White "rdarruda"]
[Black "Big_Finky"]
[Result "1-0"]
[WhiteElo "2555"]
[BlackElo "2347"]
[TimeControl "180+1"]
[EndTime "14:35:03 PDT"]
[Termination "rdarruda won by resignation"]

1. d4 d5 2. Nf3 Nf6 3. e3 e6 4.
c4 Be7 5. Bd3 O-O 6. Nc3 c6 7.
O-O dxc4 8. Bxc4 b5 9. Bb3 a6 10. e4 c5 11. e5 Nfd7 12. d5 exd5 13. Nxd5 Bb7 14. Nxe7+ Qxe7 15. Bg5 Qe8 16. Re1 c4 17. Bc2 Nc6 18. Qd6 Qe6 19. Rad1 Qxd6 20. exd6 Rfe8 21. Bf5 Nc5 22. Rxe8+ Rxe8 23. d7 1-0

[Event "Late-Titled-Tuesday-Blitz-June-25-2024"]
[Site "Chess.com"]
[Date "2024.06.25"]
[Round "4"]
[White "sergiochess83"]
[Black "vi_pranav"]
[Result "0-1"]
[WhiteElo "2834"]
[BlackElo "3050"]
[TimeControl "180+1"]
[EndTime "14:35:05 PDT"]
[Termination "vi_pranav won by resignation"]

1. d4 Nf6 2. c4 e6 3. Nc3 Bb4 4.
e3 O-O 5. Bd3 d5 6. Nf3 b6 7. cxd5 exd5 8. O-O Ba6 9. Bxa6 Nxa6 10. Bd2 Re8 11. Rc1 c5 12. Ne5 Re6 13. a3 Bxc3 14.
Bxc3 Ne4 15. Be1 Nc7 16. f3 Nd6 17. dxc5 bxc5 18. Nd3 c4 19. Nf4 Rxe3 20. Nxd5 Rd3 21. Qxd3 cxd3 22. Nxc7 Rc8 23. Ba5 Qg5 24. Bb4 d2 25.
Rc6 Qe3+ 26. Kh1 Qe2 0-1

[Event "Late-Titled-Tuesday-Blitz-June-25-2024"]
[Site "Chess.com"]
[Date "2024.06.25"]
[Round "4"]
[White "Arysya"]
[Black "FairChess_on_YouTube"]
[Result "1/2-1/2"]
[WhiteElo "2847"]
[BlackElo "3086"]
[TimeControl "180+1"]
[EndTime "14:35:06 PDT"]
[Termination "Game drawn by agreement"]

1. e4 c5 2. Nf3 Nc6 3. Nc3 e6 4. g3 d5 5. exd5 exd5 6. Bg2 Qe7+ 7. Ne2 Nf6 8. O-O Qd8 9. d4 Bg4 10. h3 Bxf3 11. Bxf3 Be7 12. dxc5 O-O 13. Nc3 Bxc5 14. Nxd5 Nd4 15. Bg2 Nxd5 16. c3 Nf6 17. cxd4 Bxd4 18. Bg5 h6 19. Bf4 Qb6 20. Qb3 Bxb2 21. Rab1 Qxb3 22.
axb3 Bd4 23. Bxb7 Rad8 24. Rfd1 Bb6 25. Kf1 g5 26. Be5 Nd7 27. Bd6 Rfe8 28. Rbc1 Nc5 29. Bxc5 Rxd1+ 30. Rxd1 Bxc5 31. Rd7 Re7 32. Rxe7 Bxe7 1/2-1/2

[Event "Late-Titled-Tuesday-Blitz-June-25-2024"]
[Site "Chess.com"]
[Date "2024.06.25"]
[Round "4"]
[White "GM_dmitrij"]
[Black "crazy_machine"]
[Result "1-0"]
[WhiteElo "2988"]
[BlackElo "2633"]
[TimeControl "180+1"]
[EndTime "14:35:21 PDT"]
[Termination "GM_dmitrij won by resignation"]

1. d4 d5 2. Nf3 Nf6 3. Bf4 e6 4. e3 c5 5. Nbd2 Bd6 6. c3 Qc7 7. Ne5 Nbd7 8. Ndf3 Nh5 9. Nxf7 Bxf4 10.
Nxh8 Bh6 11. g4 Nhf6 12. g5 Bxg5 13. Nxg5 Nf8 14. dxc5 Qxc5 15. Qd4 Qc7 16. Nhf7 Bd7 17. Ne5 O-O-O 18. Ngf7 Re8 19. O-O-O Kb8 20. f4 Ne4 21. Rg1 g6 22. Bd3 Nc5 23. Nxd7+ Nfxd7 24. Ne5 Nb6 25. Bc2 Rc8 26. Kb1 a5 27. e4 a4 28. exd5 Nxd5 29.
Qxc5 1-0

[Event "Late-Titled-Tuesday-Blitz-June-25-2024"]
[Site "Chess.com"]
[Date "2024.06.25"]
[Round "4"]
[White "dropstoneDP"]
[Black "maximnovik"]
[Result "1-0"]
[WhiteElo "3010"]
[BlackElo "2502"]
[TimeControl "180+1"]
[EndTime "14:35:22 PDT"]
[Termination "dropstoneDP won by resignation"]

1. e4 e5 2. Nf3 Nc6 3. Nc3 Nf6 4. h3 Bd6 5. Bc4 O-O 6. d3 Re8 7. a3 h6 8. g4 Nh7 9. g5 hxg5 10. Rg1 Be7 11.
h4 gxh4 12. Bh6 Bf8 13. Ng5 Re6 14. Qh5 Nxg5 15. Bxg5 Ne7 16. Nd5 d6 17. Nf6+ Rxf6 18.
Bxf6 Qe8 19. Qh6 d5 20. Rxg7+ 1-0

[Event "Late-Titled-Tuesday-Blitz-June-25-2024"]
[Site "Chess.com"]
[Date "2024.06.25"]
[Round "4"]
[White "ozates"]
[Black "MagnusCarlsen"]
[Result "0-1"]
[WhiteElo "2617"]
[BlackElo "3165"]
[TimeControl "180+1"]
[EndTime "14:35:23 PDT"]
[Termination "MagnusCarlsen won by resignation"]

1. e4 c5 2. Nf3 d6 3. Bb5+ Bd7 4. Bxd7+ Nxd7 5. O-O Ngf6 6. Qe2 g6 7. b3 Bg7 8.
Bb2 O-O 9. c4 a6 10. d4 cxd4 11. Nxd4 Qa5 12. Nc3 e6 13. Rad1 Rad8 14. Kh1 Rfe8 15. f4 Qh5 16. Nf3 Nc5 17. b4 Nfxe4 18. Nxe4 Nxe4 19. Qxe4 Bxb2 20. Qxb7 Rb8 21. Qxa6 Rxb4 22.
Rxd6 Qf5 23. Qc6 Rbb8 24. Rd7 Rec8 25. Rc7 Rd8 26. h3 Qxf4 27. Nh2 Be5 28. Rxf4 Bxf4 29. Rd7 Rb1+ 0-1

[Event "Late-Titled-Tuesday-Blitz-June-25-2024"]
[Site "Chess.com"]
[Date "2024.06.25"]
[Round "4"]
[White "Alexander_Khlebovich"]
[Black "theoneandonlydaaevik"]
[Result "1-0"]
[WhiteElo "2823"]
[BlackElo "2595"]
[TimeControl "180+1"]
[EndTime "14:35:23 PDT"]
[Termination "Alexander_Khlebovich won by resignation"]

1. d4 Nf6 2. c4 g6 3. Nf3 Bg7 4. g3 d5 5. cxd5 Nxd5 6. Bg2 Nb6 7. O-O Nc6 8. Nc3 Nxd4 9. Nxd4 Qxd4 10. Nb5 Qc5 11.
a4 O-O 12. Be3 Qc4 13. b3 Qb4 14. Rc1 Be6 15. Bc5 Qxb3 16. Nxc7 Rac8 17. Bxe7 Qxd1 18.
Rfxd1 Bb2 19. Bxf8 Bxc1 20. Rxc1 Rxf8 21. a5 Nd7 22.
Bxb7 Rb8 23. a6 Bb3 24. Nb5 Nb6 25. Nxa7 1-0

[Event "Late-Titled-Tuesday-Blitz-June-25-2024"]
[Site "Chess.com"]
[Date "2024.06.25"]
[Round "4"]
[White "kinga2008"]
[Black "Sl4werThanYou"]
[Result "1-0"]
[WhiteElo "2538"]
[BlackElo "2689"]
[TimeControl "180+1"]
[EndTime "14:35:23 PDT"]
[Termination "kinga2008 won by checkmate"]

1. e4 c5 2. Nf3 d6 3. c3 Nf6 4.
Bd3 g6 5. O-O Bg7 6. Bc2 O-O 7.
h3 Nc6 8. d4 cxd4 9. cxd4 Nb4 10. Nc3 Nxc2 11. Qxc2 b6 12. Bg5 Bb7 13. Rfe1 Rc8 14.
Rad1 a6 15. Qb3 h6 16. Bh4 g5 17. Bg3 Nh5 18. Bh2 b5 19. Re3 Qc7 20. e5 dxe5 21.
Nxe5 Nf4 22. Bxf4 gxf4 23. Ree1 e6 24. Qb4 Kh8 25. Ne4 Rg8 26. Nd6 Bxe5 27. dxe5 Rxg2+ 28. Kf1 Rcg8 29. Qxf4 Qc2 30. Qxh6+ Qh7 31. Nxf7# 1-0

[Event "Late-Titled-Tuesday-Blitz-June-25-2024"]
[Site "Chess.com"]
[Date "2024.06.25"]
[Round "4"]
[White "JackRodgers"]
[Black "UnTucopalaTimba"]
[Result "1-0"]
[WhiteElo "2528"]
[BlackElo "2137"]
[TimeControl "180+1"]
[EndTime "14:35:24 PDT"]
[Termination "JackRodgers won by resignation"]

1. d4 Nf6 2. Bg5 e6 3. e4 h6 4. Bxf6 Qxf6 5. c3 d5 6. Bd3 c6 7. Ne2 dxe4 8. Bxe4 Nd7 9. O-O Bd6 10. f4 Nb6 11. Nd2 Bc7 12. Nf3 O-O 13. Ne5 Rd8 14. Ng3 c5 15. Nh5 Qe7 16. Nxg7 f5 17. Rf3 Bxe5 18.
fxe5 fxe4 19. Rg3 Kh7 20. Qg4 Qg5 21. Qxe4+ Kxg7 22. Rxg5+ hxg5 23. Rf1 Nd5 24. Qf3 Nf4 25. g3 Rf8 26. gxf4 Rxf4 27. Qh5 Rxf1+ 28. Kxf1 Bd7 29. Qxg5+ 1-0

[Event "Late-Titled-Tuesday-Blitz-June-25-2024"]
[Site "Chess.com"]
[Date "2024.06.25"]
[Round "4"]
[White "Boudicca64"]
[Black "romulocardoso"]
[Result "0-1"]
[WhiteElo "1939"]
[BlackElo "2307"]
[TimeControl "180+1"]
[EndTime "14:35:27 PDT"]
[Termination "romulocardoso won on time"]

1. e4 c5 2. g3 g6 3. Bg2 e5 4.
c3 Bg7 5. Ne2 Nc6 6. O-O Nge7 7.
d3 O-O 8. Be3 d6 9. d4 cxd4 10.
cxd4 d5 11. dxe5 dxe4 12. Nbc3 Nxe5 13. Nxe4 Nc4 14. Qxd8 Rxd8 15. Bc5 Nc6 16. N2c3 Nxb2 17. Rab1 Nd3 18. Ba3 f5 19. Nd6 Bxc3 20. Nxc8 Raxc8 21. Rxb7 Nd4 22. Be7 Ne2+ 23. Kh1 Bd4 24. Bxd8 Nxf2+ 25. Rxf2 Bxf2 26. Bd5+ Kf8 27. Be7+ Ke8 28. Ba3 Bc5 0-1

[Event "Late-Titled-Tuesday-Blitz-June-25-2024"]
[Site "Chess.com"]
[Date "2024.06.25"]
[Round "4"]
[White "Hikaru"]
[Black "Durarbayli"]
[Result "1-0"]
[WhiteElo "3231"]
[BlackElo "2957"]
[TimeControl "180+1"]
[EndTime "14:35:31 PDT"]
[Termination "Hikaru won by resignation"]

1. c4 c5 2. Nf3 Nf6 3. Nc3 e6 4. d4 cxd4 5. Nxd4 b6 6. e4 d6 7. g3 Bb7 8. Bg2 Nbd7 9. O-O a6 10. Qe2 Qc7 11. Be3 Rc8 12. b3 b5 13. Rac1 bxc4 14.
Na4 Qb8 15. Rxc4 Rxc4 16. Qxc4 Qa8 17. Rc1 Nxe4 18. Nxe6 fxe6 19. Qxe6+ Be7 20. Rc7 Qd8 21. Rxb7 Nef6 22. Nb6 Nc5 23. Bxc5 dxc5 24. Bc6+ Kf8 25. Nd7+ Nxd7 26. Rxd7 Qe8 27. Rc7 1-0